[Event "VI Floripa Open 2020"]
[Site "Florianopolis"]
[Date "2020.01.20"]
[Round "1.53"]
[White "Da Silva, Paolo Ghiu M. Rego"]
[Black "Pedroso, Denian"]
[Result "1/2-1/2"]
[ECO "E11"]
[WhiteElo "2171"]
[BlackElo "1873"]
[Annotator "ChessBase"]
[PlyCount "88"]
[EventDate "2020.01.20"]
[EventType "swiss"]
[EventRounds "10"]
[EventCountry "BRA"]
[SourceTitle "playchess.com"]
[Source "ChessBase"]
[SourceQuality "1"]
[TimeControl "5400+30"]

1. d4 Nf6 2. c4 e6 3. Nf3 Bb4+ 4. Nbd2 O-O 5. a3 Bxd2+ 6. Bxd2 d6 7. b4 Nbd7 8. Bc3 b6 9. e3 Bb7 10. Be2 Qe7 11. O-O Be4 12. Ra2 c5 13. dxc5 dxc5 14. b5 Rfd8 15. Qa1 Ne8 16. a4 f6 17. a5 e5 18. Nd2 Bb7 19. a6 Bc8 20. Bf3 Rb8 21. Bd5+ Kh8 22. Rd1 Nf8 23. Nf1 Be6 24. e4 Bxd5 25. exd5 Nd6 26. Ne3 Ng6 27. Qb1 Qd7 28. Ba1 Nh4 29. Ra3 Nhf5 30. Nxf5 Qxf5 31. Qxf5 Nxf5 32. Kf1 Kg8 33. Rh3 h6 34. Ke2 Rd7 35. Kd3 Nd6 36. f3 Re8 37. Re1 Rde7 38. Rh4 f5 39. Bb2 e4+ 40. fxe4 Nxe4 41. Re2 Nd6 42. Rxe7 Rxe7 43. Bc3 Kf7 44. Bd2 Kf6 1/2-1/2

[Event "VI Floripa Open 2020"]
[Site "Florianopolis"]
[Date "2020.01.20"]
[Round "1.54"]
[White "Correa, Jose Augusto"]
[Black "Luz, Arthur Nader"]
[Result "0-1"]
[ECO "A37"]
[WhiteElo "1870"]
[BlackElo "2165"]
[Annotator "ChessBase"]
[PlyCount "66"]
[EventDate "2020.01.20"]
[EventType "swiss"]
[EventRounds "10"]
[EventCountry "BRA"]
[SourceTitle "playchess.com"]
[Source "ChessBase"]
[SourceQuality "1"]
[TimeControl "5400+30"]

1. c4 c5 2. Nc3 Nc6 3. g3 g6 4. Bg2 Bg7 5. Nf3 e5 6. d3 Nge7 7. Bg5 f6 8. Bd2 O-O 9. Qc1 a6 10. Bh6 Bxh6 11. Qxh6 Nf5 12. Qd2 Nfd4 13. Nxd4 cxd4 14. Nd5 b5 15. a4 bxc4 16. dxc4 a5 17. b4 axb4 18. Nxb4 Bb7 19. Nxc6 Bxc6 20. Bxc6 dxc6 21. a5 Rf7 22. O-O Rfa7 23. Qh6 Rxa5 24. Rab1 Qc7 25. h4 Ra2 26. Rb3 Qg7 27. Qxg7+ Kxg7 28. Rb7+ Kh6 29. Rc7 R8a6 30. Rb1 Rxe2 31. Rbb7 Kh5 32. Kg2 Kg4 33. Rb3 e4 0-1

[Event "VI Floripa Open 2020"]
[Site "Florianopolis"]
[Date "2020.01.20"]
[Round "1.55"]
[White "Piccoli, Lucas Fonseca"]
[Black "Kanzler, Karina Daniela Ferre"]
[Result "1/2-1/2"]
[ECO "A81"]
[WhiteElo "2159"]
[BlackElo "1867"]
[Annotator "ChessBase"]
[PlyCount "129"]
[EventDate "2020.01.20"]
[EventType "swiss"]
[EventRounds "10"]
[EventCountry "BRA"]
[SourceTitle "playchess.com"]
[Source "ChessBase"]
[SourceQuality "1"]
[TimeControl "5400+30"]

1. g3 f5 2. d4 Nf6 3. Bg2 d5 4. Nf3 Nc6 5. O-O e6 6. c4 Bd6 7. c5 Be7 8. a3 O-O 9. b4 a6 10. Bb2 b5 11. Nbd2 Ne4 12. Ne5 Nxe5 13. dxe5 Nxd2 14. Qxd2 Bb7 15. Rfc1 Bc6 16. Rd1 Qe8 17. Bd4 Qg6 18. Be3 Rad8 19. Qd4 Rf7 20. f3 Rdf8 21. Kf2 Qh5 22. f4 g5 23. Rh1 Rg7 24. Ke1 Qg6 25. Kd2 Ra8 26. Bf3 g4 27. Bg2 Kf7 28. Bf2 h5 29. Qd3 Qh6 30. h4 Rgg8 31. Bd4 Rgb8 32. Rhb1 Qf8 33. Qc3 Qe8 34. e3 Qc8 35. Bf1 Qb7 36. Bd3 Kg6 37. Bc2 Kf7 38. Ke1 Kg6 39. Kf2 Kf7 40. Ra2 Kg6 41. Raa1 Kf7 42. Qd2 Kg6 43. Bc3 Be8 44. Qd4 c6 45. a4 Bd7 46. axb5 axb5 47. Bxf5+ exf5 48. e6 Rg8 49. Rxa8 Qxa8 50. Ra1 Qd8 51. exd7 Qxd7 52. Ra8 Qe6 53. Ra6 Kf7 54. Ra7 Kg6 55. Rc7 Bd8 56. Ra7 Kh6 57. Rg7 Bf6 58. Qxf6+ Qxf6 59. Bxf6 Rxg7 60. Bxg7+ Kxg7 61. Ke2 Kf6 62. Kd2 Ke7 63. Kc3 Kf7 64. Kd4 Kf6 65. Kc3 1/2-1/2

[Event "VI Floripa Open 2020"]
[Site "Florianopolis"]
[Date "2020.01.20"]
[Round "1.56"]
[White "Cabral, Denrick"]
[Black "Almeida Junior, Alvaro Alves de"]
[Result "0-1"]
[ECO "B02"]
[WhiteElo "1866"]
[BlackElo "2151"]
[Annotator "ChessBase"]
[PlyCount "58"]
[EventDate "2020.01.20"]
[EventType "swiss"]
[EventRounds "10"]
[EventCountry "BRA"]
[SourceTitle "playchess.com"]
[Source "ChessBase"]
[SourceQuality "1"]
[TimeControl "5400+30"]

1. e4 Nf6 2. e5 Nd5 3. c4 Nb6 4. a4 a5 5. c5 Nd5 6. Nc3 e6 7. Nxd5 exd5 8. d4 d6 9. cxd6 cxd6 10. Nf3 Be7 11. Bd3 O-O 12. O-O Bg4 13. Bf4 Nc6 14. exd6 Bxd6 15. Bxh7+ Kxh7 16. Ng5+ Qxg5 17. Bxg5 Bxd1 18. Rfxd1 Rfe8 19. Kf1 Rac8 20. Rd3 Nb4 21. Rc3 Rc4 22. Rd1 Rec8 23. Rh3+ Kg8 24. Re1 Rxd4 25. g3 Re4 26. Rd1 Rc2 27. Bd2 Rd4 28. Ke1 Nd3+ 29. Ke2 Nxb2 0-1

[Event "VI Floripa Open 2020"]
[Site "Florianopolis"]
[Date "2020.01.20"]
[Round "1.57"]
[White "Carstens Dobuchak, Thiago"]
[Black "Silva, Janderson Rossi Da"]
[Result "1-0"]
[ECO "B90"]
[WhiteElo "2149"]
[BlackElo "1863"]
[Annotator "ChessBase"]
[PlyCount "71"]
[EventDate "2020.01.20"]
[EventType "swiss"]
[EventRounds "10"]
[EventCountry "BRA"]
[SourceTitle "playchess.com"]
[Source "ChessBase"]
[SourceQuality "1"]
[TimeControl "5400+30"]

1. e4 c5 2. Nf3 d6 3. d4 cxd4 4. Nxd4 Nf6 5. Nc3 a6 6. Nb3 e6 7. g4 Be7 8. Be3 b5 9. g5 Nfd7 10. Qd2 Bb7 11. f3 Ne5 12. Be2 Nbd7 13. h4 Rc8 14. Nd1 Nb6 15. Na5 Ba8 16. Nf2 Nbc4 17. Nxc4 Nxc4 18. Bxc4 Rxc4 19. O-O-O O-O 20. Kb1 Qb8 21. h5 Rd8 22. g6 d5 23. gxf7+ Kxf7 24. exd5 Rxd5 25. Nd3 Rf5 26. Rdf1 Bxf3 27. Rhg1 Bxh5 28. Rxf5+ exf5 29. Bf4 Bd6 30. Ne5+ Bxe5 31. Qd5+ Kf8 32. Bxe5 Qb6 33. Bd6+ Ke8 34. Qe6+ Kd8 35. Be7+ Kc7 36. Bd8+ 1-0

[Event "VI Floripa Open 2020"]
[Site "Florianopolis"]
[Date "2020.01.20"]
[Round "1.58"]
[White "Filho, Marcelo Adriano Nune"]
[Black "De Oliveira, Victor Gabriel C."]
[Result "0-1"]
[ECO "B23"]
[WhiteElo "1862"]
[BlackElo "2146"]
[Annotator "ChessBase"]
[PlyCount "88"]
[EventDate "2020.01.20"]
[EventType "swiss"]
[EventRounds "10"]
[EventCountry "BRA"]
[SourceTitle "playchess.com"]
[Source "ChessBase"]
[SourceQuality "1"]
[TimeControl "5400+30"]

1. e4 c5 2. Nc3 Nc6 3. Bb5 Nd4 4. Bc4 g6 5. Nge2 Bg7 6. O-O e6 7. f4 Ne7 8. e5 d6 9. exd6 Qxd6 10. Nb5 Qd8 11. c3 Ndc6 12. a4 O-O 13. Ng3 a6 14. Na3 b6 15. Qe2 Bb7 16. Nc2 Qc7 17. Rb1 Na5 18. Ne3 Nxc4 19. Nxc4 b5 20. axb5 axb5 21. Ne5 Nc6 22. Ng4 Kh8 23. Qf2 f5 24. Ne3 e5 25. b4 c4 26. Nd5 Qf7 27. Qc5 Rad8 28. Nb6 exf4 29. Ne2 g5 30. Qxb5 Rfe8 31. Nxf4 gxf4 32. Nxc4 Na7 33. Qc5 Qg6 34. Qf2 f3 35. Qg3 fxg2 36. Rd1 Qh5 37. Bb2 f4 38. Qxf4 Rf8 39. Qg3 Rc8 40. Ne3 Be5 41. c4 Bxb2 42. d4 Rf3 43. Qe1 Re8 44. Rxb2 Rfxe3 0-1

[Event "VI Floripa Open 2020"]
[Site "Florianopolis"]
[Date "2020.01.20"]
[Round "1.59"]
[White "Bueno, Alfeu Junior Varela"]
[Black "Do Amaral, Gabriel Barbosa"]
[Result "1-0"]
[ECO "B12"]
[WhiteElo "2139"]
[BlackElo "1861"]
[Annotator "ChessBase"]
[PlyCount "73"]
[EventDate "2020.01.20"]
[EventType "swiss"]
[EventRounds "10"]
[EventCountry "BRA"]
[SourceTitle "playchess.com"]
[Source "ChessBase"]
[SourceQuality "1"]
[TimeControl "5400+30"]

1. e4 c6 2. d4 d5 3. f3 e6 4. Nc3 Nf6 5. Bf4 Bb4 6. Qd3 b6 7. Nge2 Ba6 8. Qe3 dxe4 9. fxe4 Nbd7 10. O-O-O O-O 11. Bg5 Qc7 12. g4 e5 13. Bxf6 Nxf6 14. g5 exd4 15. Nxd4 Ng4 16. Qf3 Bxf1 17. Rdxf1 Ne5 18. Qg3 Rad8 19. Rd1 Bxc3 20. Qxc3 Qe7 21. h4 c5 22. Nf5 Qc7 23. Rd5 f6 24. gxf6 Rxd5 25. Ne7+ Kf7 26. Nxd5 Qd6 27. fxg7 Qh6+ 28. Kb1 Qxg7 29. Ne3 Nf3 30. Qc4+ Ke7 31. Rd1 Qe5 32. a4 Nd4 33. Nd5+ Ke8 34. Ka2 Rf2 35. c3 Nc6 36. Qb5 Kd8 37. Qxc6 1-0

[Event "VI Floripa Open 2020"]
[Site "Florianopolis"]
[Date "2020.01.20"]
[Round "1.60"]
[White "Aoyama, Edmundo"]
[Black "Ribeiro, Matheus Mendes Domin"]
[Result "0-1"]
[ECO "D00"]
[WhiteElo "1857"]
[BlackElo "2139"]
[Annotator "ChessBase"]
[PlyCount "130"]
[EventDate "2020.01.20"]
[EventType "swiss"]
[EventRounds "10"]
[EventCountry "BRA"]
[SourceTitle "playchess.com"]
[Source "ChessBase"]
[SourceQuality "1"]
[TimeControl "5400+30"]

1. d4 d5 2. Bg5 c6 3. c3 Qb6 4. Qb3 Nf6 5. Bxf6 exf6 6. Nd2 Bf5 7. Ngf3 Nd7 8. e3 Bd6 9. c4 dxc4 10. Bxc4 Qxb3 11. Bxb3 O-O 12. O-O Nb6 13. Rac1 Rac8 14. Rfd1 Rfd8 15. Nc4 Nxc4 16. Bxc4 c5 17. h3 Kf8 18. a3 Ke7 19. Kf1 g5 20. Ke2 Be6 21. dxc5 Rxc5 22. Bd3 h6 23. Nd4 Rdc8 24. Rxc5 Rxc5 25. Rd2 Be5 26. Nf5+ Bxf5 27. Bxf5 Rb5 28. b4 Bd6 29. Bd3 Re5 30. g4 a5 31. Rc2 Kd8 32. Bf5 axb4 33. axb4 Rb5 34. Rc8+ Ke7 35. Rh8 Rxb4 36. Rxh6 Rb2+ 37. Kf1 b5 38. h4 gxh4 39. Rxh4 b4 40. Rh1 b3 41. Kg2 Ra2 42. Rd1 b2 43. Bb1 Ra4 44. f3 Rc4 45. Kf2 Rc1 46. Ke2 Bc5 47. Bf5 Bxe3 48. Rd7+ Ke8 49. Rd1 Bf4 50. Bb1 Rc8 51. Rf1 Bc1 52. Kd1 Ke7 53. Be4 Kd6 54. Rh1 Kc5 55. Re1 Kd4 56. Bb1 Be3 57. Ke2 Rc1 58. Rd1+ Ke5 59. Be4 Kf4 60. Rf1 Rc4 61. Bb1 Rd4 62. Bd3 Bc1 63. Bf5 Rd2+ 64. Ke1 Ke3 65. Be4 Rd3 0-1

[Event "VI Floripa Open 2020"]
[Site "Florianopolis"]
[Date "2020.01.20"]
[Round "1.61"]
[White "Moura, Eduardo Eugenio Chav"]
[Black "Bracht, Rainer"]
[Result "1/2-1/2"]
[ECO "B21"]
[WhiteElo "2138"]
[BlackElo "1856"]
[Annotator "ChessBase"]
[PlyCount "75"]
[EventDate "2020.01.20"]
[EventType "swiss"]
[EventRounds "10"]
[EventCountry "BRA"]
[SourceTitle "playchess.com"]
[Source "ChessBase"]
[SourceQuality "1"]
[TimeControl "5400+30"]

1. e4 c5 2. d4 cxd4 3. c3 dxc3 4. Nxc3 d6 5. Bc4 e6 6. Nf3 Nf6 7. O-O Be7 8. Qe2 a6 9. Rd1 Qc7 10. Bf4 e5 11. Be3 O-O 12. Rac1 Nbd7 13. Nb5 Qb8 14. Nc7 b5 15. Bd3 Bb7 16. Nxa8 Qxa8 17. Bg5 h6 18. Bxf6 Nxf6 19. Re1 Re8 20. a3 Bd8 21. Bb1 Bb6 22. Rcd1 Rd8 23. b4 g6 24. h3 Kg7 25. Nd2 Nh5 26. Nb3 Nf4 27. Qb2 Ne6 28. Rxd6 Bd4 29. Rxd8 Bxb2 30. Rxa8 Bxa8 31. Re2 Bxa3 32. Ra2 Bxb4 33. Rxa6 Nc7 34. Ra7 Bd6 35. Na5 Kf6 36. Bd3 Ke7 37. Kf1 Kd8 38. Rxa8+ 1/2-1/2

[Event "VI Floripa Open 2020"]
[Site "Florianopolis"]
[Date "2020.01.20"]
[Round "1.62"]
[White "Valcarcel, Victor Ignacio dos S"]
[Black "Dias, Anderson Tatsch"]
[Result "1/2-1/2"]
[ECO "B41"]
[WhiteElo "1856"]
[BlackElo "2136"]
[Annotator "ChessBase"]
[PlyCount "90"]
[EventDate "2020.01.20"]
[EventType "swiss"]
[EventRounds "10"]
[EventCountry "BRA"]
[SourceTitle "playchess.com"]
[Source "ChessBase"]
[SourceQuality "1"]
[TimeControl "5400+30"]

1. e4 c5 2. Nf3 e6 3. d4 cxd4 4. Nxd4 a6 5. Be3 Nf6 6. Nd2 Nc6 7. c3 d5 8. exd5 Nxd5 9. Nxc6 bxc6 10. Nc4 Nxe3 11. Qxd8+ Kxd8 12. fxe3 Kc7 13. O-O-O f6 14. g3 a5 15. Bg2 e5 16. h4 Be6 17. b3 Bc5 18. Rhe1 a4 19. Nd2 axb3 20. Nxb3 Be7 21. Kb2 Ra3 22. Be4 Rha8 23. Ra1 f5 24. Bd3 Rb8 25. Bc2 e4 26. Reb1 h5 27. Kc1 c5 28. Rb2 Bd6 29. Rab1 Bd7 30. Nd2 Rxb2 31. Kxb2 Ra8 32. Nc4 Be6 33. Nxd6 Kxd6 34. Rd1+ Kc7 35. a4 Bc4 36. Ka3 Ra6 37. Bb3 Bd3 38. Bf7 g6 39. Rd2 Rf6 40. Be8 Re6 41. Bb5 Rd6 42. Be8 Kd8 43. Bb5 Kc7 44. Be8 Kd8 45. Bb5 Kc7 1/2-1/2

[Event "VI Floripa Open 2020"]
[Site "Florianopolis"]
[Date "2020.01.20"]
[Round "1.63"]
[White "Silva, Kaua Marques"]
[Black "Ulrich, Henning"]
[Result "1-0"]
[ECO "B82"]
[WhiteElo "2136"]
[BlackElo "1855"]
[Annotator "ChessBase"]
[PlyCount "41"]
[EventDate "2020.01.20"]
[EventType "swiss"]
[EventRounds "10"]
[EventCountry "BRA"]
[SourceTitle "playchess.com"]
[Source "ChessBase"]
[SourceQuality "1"]
[TimeControl "5400+30"]

1. e4 c5 2. Nf3 e6 3. d4 cxd4 4. Nxd4 a6 5. Bd3 d6 6. O-O Nf6 7. Nc3 Be7 8. Kh1 O-O 9. f4 Qc7 10. Qf3 Nbd7 11. Bd2 Rd8 12. Rae1 b5 13. Qh3 g6 14. e5 Ne8 15. Nxe6 fxe6 16. Qxe6+ Kf8 17. f5 Ndf6 18. Bh6+ Ng7 19. Bxg7+ Kxg7 20. exf6+ Bxf6 21. Qxf6+ 1-0

[Event "VI Floripa Open 2020"]
[Site "Florianopolis"]
[Date "2020.01.20"]
[Round "1.64"]
[White "Buganca, Luiz Henrique Da Sil"]
[Black "Calcado, Acyr Rogerio"]
[Result "1/2-1/2"]
[ECO "D02"]
[WhiteElo "1854"]
[BlackElo "2132"]
[Annotator "ChessBase"]
[PlyCount "75"]
[EventDate "2020.01.20"]
[EventType "swiss"]
[EventRounds "10"]
[EventCountry "BRA"]
[SourceTitle "playchess.com"]
[Source "ChessBase"]
[SourceQuality "1"]
[TimeControl "5400+30"]

1. d4 d5 2. Nf3 Nf6 3. g3 c5 4. dxc5 e6 5. Bg2 Bxc5 6. O-O O-O 7. c4 Nbd7 8. cxd5 Nxd5 9. e4 N5f6 10. Qe2 e5 11. Nc3 b6 12. Rd1 Ng4 13. Rf1 Bb7 14. h3 Ngf6 15. Bg5 h6 16. Bxf6 Qxf6 17. Rfd1 Qe6 18. Nd5 Rac8 19. b4 Bd6 20. a3 Nf6 21. Nxf6+ Qxf6 22. Nh4 Rfd8 23. Rac1 Rxc1 24. Rxc1 g6 25. Rd1 Bf8 26. Rd2 Rxd2 27. Qxd2 Qd6 28. Qc3 Bg7 29. Qc4 Qc6 30. Qd3 Bf6 31. b5 Qc1+ 32. Kh2 Bxh4 33. gxh4 Qf4+ 34. Kh1 Qxh4 35. Qd7 Bxe4 36. Qe8+ Kh7 37. Qxf7+ Kh8 38. Qf8+ 1/2-1/2

[Event "VI Floripa Open 2020"]
[Site "Florianopolis"]
[Date "2020.01.20"]
[Round "1.65"]
[White "Fiaes, Mario Henrique Andra"]
[Black "Asth, Antonio Luiz Braga"]
[Result "1-0"]
[ECO "D37"]
[WhiteElo "2126"]
[BlackElo "1852"]
[Annotator "ChessBase"]
[PlyCount "131"]
[EventDate "2020.01.20"]
[EventType "swiss"]
[EventRounds "10"]
[EventCountry "BRA"]
[SourceTitle "playchess.com"]
[Source "ChessBase"]
[SourceQuality "1"]
[TimeControl "5400+30"]

1. d4 d5 2. c4 e6 3. Nf3 a6 4. cxd5 exd5 5. Nc3 Nf6 6. Bg5 Be7 7. Qc2 h6 8. Bh4 O-O 9. e3 c6 10. Bd3 Be6 11. O-O Nbd7 12. Ne5 Nxe5 13. dxe5 Ng4 14. Bg3 Qc7 15. Be2 h5 16. h3 Nxe5 17. Bxh5 Bd6 18. Rfd1 Rac8 19. e4 Nc4 20. Bxd6 Qxd6 21. exd5 cxd5 22. Bf3 Ne5 23. Qe2 Nxf3+ 24. Qxf3 Rfd8 25. Rd4 Rc4 26. Qd3 Qb4 27. Rd1 Rxd4 28. Qxd4 Qxb2 29. Rb1 Qa3 30. Rxb7 Qc1+ 31. Kh2 Rc8 32. Ne2 Qc4 33. Qb2 Qc2 34. Nd4 Qxb2 35. Rxb2 Rc4 36. Rd2 a5 37. Kg3 a4 38. Kf4 Kf8 39. Ke3 Ke7 40. Rc2 Rxc2 41. Nxc2 d4+ 42. Kxd4 Bxa2 43. Kc3 Kd6 44. Kb4 Bb3 45. Ne1 Kd5 46. Nd3 g5 47. Nc5 Kd4 48. Nxb3+ axb3 49. Kxb3 Kd3 50. g3 Ke4 51. Kc3 f5 52. Kd2 Kf3 53. Ke1 f4 54. gxf4 Kxf4 55. Ke2 g4 56. hxg4 Kxg4 57. Ke3 Kf5 58. Kf3 Ke5 59. Kg4 Kf6 60. Kf4 Ke6 61. Kg5 Ke5 62. f3 Ke6 63. f4 Kf7 64. Kf5 Kf8 65. Kf6 Ke8 66. Kg7 1-0

[Event "VI Floripa Open 2020"]
[Site "Florianopolis"]
[Date "2020.01.20"]
[Round "1.66"]
[White "Torres, Eduardo Lisboa"]
[Black "Labussiere, Yago"]
[Result "0-1"]
[ECO "E91"]
[WhiteElo "1850"]
[BlackElo "2125"]
[Annotator "ChessBase"]
[PlyCount "76"]
[EventDate "2020.01.20"]
[EventType "swiss"]
[EventRounds "10"]
[EventCountry "BRA"]
[SourceTitle "playchess.com"]
[Source "ChessBase"]
[SourceQuality "1"]
[TimeControl "5400+30"]

1. d4 Nf6 2. c4 g6 3. Nc3 Bg7 4. e4 d6 5. Nf3 O-O 6. Be2 c5 7. d5 e6 8. O-O Re8 9. h3 Na6 10. Bg5 h6 11. Be3 exd5 12. exd5 Bf5 13. Bd3 Ne4 14. Nxe4 Bxe4 15. Bxe4 Rxe4 16. Qc2 f5 17. a3 Nc7 18. Rae1 Qd7 19. Bd2 Rae8 20. Rxe4 Rxe4 21. Re1 Rxe1+ 22. Bxe1 b5 23. b3 a6 24. Bc3 Ne8 25. Nh4 Kf7 26. g4 Bxc3 27. Qxc3 fxg4 28. Qd3 gxh3 29. Qxg6+ Ke7 30. Nf5+ Kd8 31. Nxh6 bxc4 32. bxc4 Kc7 33. Qf7 Qxf7 34. Nxf7 Kb6 35. Nd8 Ka5 36. Nc6+ Ka4 37. Kh2 Kxa3 38. Kxh3 Kb3 0-1

[Event "VI Floripa Open 2020"]
[Site "Florianopolis"]
[Date "2020.01.20"]
[Round "1.67"]
[White "De Borba, Gabriel"]
[Black "Reinaldo Dos Santos, Julio"]
[Result "1-0"]
[ECO "A00"]
[WhiteElo "2124"]
[BlackElo "1849"]
[Annotator "ChessBase"]
[PlyCount "143"]
[EventDate "2020.01.20"]
[EventType "swiss"]
[EventRounds "10"]
[EventCountry "BRA"]
[SourceTitle "playchess.com"]
[Source "ChessBase"]
[SourceQuality "1"]
[TimeControl "5400+30"]

1. e4 c5 2. Nf3 e6 3. d4 cxd4 4. Nxd4 Nc6 5. Nxc6 bxc6 6. Nc3 d5 7. Bd3 Nf6 8. Qe2 Be7 9. O-O Qc7 10. b3 O-O 11. Bb2 e5 12. exd5 Bd6 13. Be4 cxd5 14. Nxd5 Nxd5 15. Bxd5 Rb8 16. h3 Bb7 17. Rad1 Bxd5 18. Rxd5 Rfe8 19. Rfd1 Rbd8 20. c4 f6 21. Qd3 Be7 22. Ba3 Rxd5 23. Qxd5+ Kf8 24. Bxe7+ Kxe7 25. c5 a5 26. a3 Rb8 27. c6 Rc8 28. Qd7+ Kf8 29. Qxc7 Rxc7 30. Rc1 Ke7 31. b4 axb4 32. axb4 Kd6 33. b5 Rc8 34. Kf1 Kc7 35. Rd1 Kb6 36. Rd7 Kxb5 37. Rxg7 Rxc6 38. Rxh7 Kc5 39. Rd7 f5 40. Ke2 Rh6 41. f4 e4 42. Ke3 Rg6 43. Rf7 Rxg2 44. Rxf5+ Kd6 45. Kxe4 Ke6 46. Rb5 Kf6 47. Rb6+ Kg7 48. Kf3 Rg1 49. Ra6 Rf1+ 50. Kg4 Rg1+ 51. Kf5 Rh1 52. Ra7+ Kh6 53. Ra3 Kg7 54. Re3 Kf7 55. Rg3 Ra1 56. Kg5 Ra8 57. Rb3 Rg8+ 58. Kf5 Rg1 59. Rb7+ Kg8 60. h4 Rh1 61. h5 Kf8 62. Kg6 Rg1+ 63. Kf6 Kg8 64. f5 Rh1 65. Rg7+ Kh8 66. Rg2 Rxh5 67. Kg6 Rh7 68. f6 Rb7 69. Rc2 Rb8 70. Rh2+ Kg8 71. f7+ Kf8 72. Rh8+ 1-0

[Event "VI Floripa Open 2020"]
[Site "Florianopolis"]
[Date "2020.01.20"]
[Round "1.68"]
[White "Borges, Lucas Silvestre"]
[Black "Nery Junior, Jose Antonio"]
[Result "0-1"]
[ECO "A45"]
[WhiteElo "1847"]
[BlackElo "2121"]
[Annotator "ChessBase"]
[PlyCount "106"]
[EventDate "2020.01.20"]
[EventType "swiss"]
[EventRounds "10"]
[EventCountry "BRA"]
[SourceTitle "playchess.com"]
[Source "ChessBase"]
[SourceQuality "1"]
[TimeControl "5400+30"]

1. d4 Nf6 2. Bg5 Ne4 3. Bh4 g5 4. Qd3 d5 5. f3 gxh4 6. fxe4 Bh6 7. Nf3 h3 8. g3 dxe4 9. Qxe4 Bc1 10. Nbd2 Bxb2 11. Rb1 Bc3 12. Rb3 Ba5 13. Qe5 Bxd2+ 14. Kxd2 Rf8 15. e3 Nd7 16. Qf4 Nf6 17. c4 c5 18. Bd3 Qa5+ 19. Rc3 Qxa2+ 20. Rc2 Qa5+ 21. Rc3 Bd7 22. Ne5 Bc6 23. Nxc6 bxc6 24. Rb1 Qa2+ 25. Bc2 Nd7 26. Qc7 cxd4 27. exd4 Qa6 28. Rb7 Rd8 29. Rxa7 Qc8 30. Bxh7 Qxc7 31. Rxc7 Nf6 32. Bf5 e6 33. Bc2 Rxd4+ 34. Ke3 Rd7 35. Rxc6 Ng4+ 36. Ke2 Nxh2 37. g4 Rh8 38. Rc8+ Rd8 39. Ba4+ Ke7 40. Rxd8 Kxd8 41. Rg3 Kc7 42. Bc2 Rh4 43. Be4 Nxg4 44. Bh1 Kd6 45. c5+ Kxc5 46. Rd3 Ne5 47. Rd8 f5 48. Kf2 Rd4 49. Re8 Ng4+ 50. Kg3 Rd3+ 51. Kf4 Rd1 52. Bf3 Rf1 53. Rh8 Nh2 0-1

[Event "VI Floripa Open 2020"]
[Site "Florianopolis"]
[Date "2020.01.20"]
[Round "1.69"]
[White "Federzoni, Enzo"]
[Black "Lemos, Paulo Renato Bueno O"]
[Result "1-0"]
[ECO "C42"]
[WhiteElo "2118"]
[BlackElo "1842"]
[Annotator "ChessBase"]
[PlyCount "117"]
[EventDate "2020.01.20"]
[EventType "swiss"]
[EventRounds "10"]
[EventCountry "BRA"]
[SourceTitle "playchess.com"]
[Source "ChessBase"]
[SourceQuality "1"]
[TimeControl "5400+30"]

1. e4 e5 2. Nf3 Nf6 3. Nc3 Bb4 4. Nxe5 Bxc3 5. dxc3 Qe7 6. Nd3 Qxe4+ 7. Qe2 Qxe2+ 8. Bxe2 O-O 9. Bf4 d6 10. O-O-O Bg4 11. f3 Be6 12. b3 Nc6 13. Rhe1 Rfe8 14. c4 b6 15. c3 Re7 16. g4 Rae8 17. Bf1 Bc8 18. Bg3 Rxe1 19. Rxe1 Rxe1+ 20. Nxe1 Ne5 21. h3 Bb7 22. Be2 Kf8 23. Kd2 Ke7 24. Ke3 h6 25. Nc2 c5 26. Ne1 g5 27. Nd3 Nfd7 28. Nf2 Nf6 29. h4 Ke6 30. Nh3 gxh4 31. Nf4+ Ke7 32. Bxh4 Ng6 33. Bg3 Ne5 34. Nd3 Nfd7 35. Bf4 Nxd3 36. Bxd3 Ne5 37. Be2 f5 38. Bxh6 Kf6 39. Bf8 fxg4 40. fxg4 Nf7 41. Kf4 a6 42. Bd3 Bc6 43. a4 d5 44. a5 bxa5 45. Bxc5 dxc4 46. Bxc4 a4 47. bxa4 Bxa4 48. Bxa6 Nd8 49. Bd4+ Kf7 50. Bc4+ Ne6+ 51. Ke5 Bd7 52. Kd6 Bc8 53. g5 Ke8 54. Bxe6 Bb7 55. g6 Be4 56. g7 Bh7 57. c4 Kd8 58. Bd7 Bg8 59. c5 1-0

[Event "VI Floripa Open 2020"]
[Site "Florianopolis"]
[Date "2020.01.20"]
[Round "1.70"]
[White "Ramillo, Vitoria Matheus"]
[Black "Heinechen, Juan"]
[Result "0-1"]
[ECO "A00"]
[WhiteElo "1841"]
[BlackElo "2110"]
[Annotator "ChessBase"]
[PlyCount "59"]
[EventDate "2020.01.20"]
[EventType "swiss"]
[EventRounds "10"]
[EventCountry "BRA"]
[SourceTitle "playchess.com"]
[Source "ChessBase"]
[SourceQuality "1"]
[TimeControl "5400+30"]

1. e4 c5 2. Nf3 Nc6 3. Bb5 d6 4. Bxc6+ bxc6 5. d3 e5 6. O-O Be7 7. c3 f5 8. exf5 Bxf5 9. d4 cxd4 10. cxd4 e4 11. Qc2 Qd7 12. Ne1 Nf6 13. Bg5 O-O 14. Qe2 d5 15. Nc3 Bd6 16. f3 Rad8 17. Bxf6 Rxf6 18. fxe4 dxe4 19. g3 Bc7 20. Qe3 Bb6 21. Nc2 Rd6 22. Rad1 Bg4 23. Rd2 c5 24. d5 c4 25. Nd4 Bh5 26. Rf4 Bg6 27. Kg2 a6 28. Re2 Qa7 29. Rd2 h6 30. h3 0-1

[Event "VI Floripa Open 2020"]
[Site "Florianopolis"]
[Date "2020.01.20"]
[Round "1.71"]
[White "Fajardo Freire, Joao Alfredo Cas"]
[Black "Farias, Edilsom"]
[Result "0-1"]
[ECO "B12"]
[WhiteElo "2108"]
[BlackElo "1839"]
[Annotator "ChessBase"]
[PlyCount "148"]
[EventDate "2020.01.20"]
[EventType "swiss"]
[EventRounds "10"]
[EventCountry "BRA"]
[SourceTitle "playchess.com"]
[Source "ChessBase"]
[SourceQuality "1"]
[TimeControl "5400+30"]

1. e4 c6 2. d4 d5 3. e5 c5 4. dxc5 Nc6 5. Nf3 Bg4 6. Be2 e6 7. Be3 Nge7 8. Nc3 Nf5 9. Bg5 Qa5 10. O-O Bxc5 11. a3 Bxf3 12. Bxf3 Bd4 13. Re1 O-O 14. Bd2 Qb6 15. Na4 Qc7 16. Rc1 Nxe5 17. Be2 Nc6 18. c4 dxc4 19. Bxc4 Be5 20. h3 Rad8 21. Qe2 Qd6 22. Rcd1 Nfd4 23. Qe4 Qe7 24. Bb4 Nxb4 25. Qxe5 Nbc6 26. Qe4 Qg5 27. Nc3 Qf5 28. Qh4 Qg6 29. Rd3 Nf5 30. Qf4 Rxd3 31. Bxd3 Rd8 32. Bb1 Qf6 33. Be4 Ncd4 34. Qc7 Qe7 35. Qxe7 Nxe7 36. Bxb7 Rb8 37. Rd1 e5 38. Be4 Rxb2 39. g4 f6 40. Kf1 Kf7 41. Rc1 Nb3 42. Nb1 Ng6 43. Rc7+ Kf8 44. Ke1 Nf4 45. Rb7 Re2+ 46. Kf1 Nc5 47. Rb8+ Kf7 48. Nc3 Rd2 49. Ke1 Rd4 50. Bb1 Nxh3 51. Rc8 Nd3+ 52. Kf1 Nhxf2 53. Ke2 e4 54. Ke3 Rd7 55. Nxe4 Nxg4+ 56. Ke2 Nde5 57. Ba2+ Kg6 58. Be6 Rb7 59. Rc2 Rb6 60. Bd5 h5 61. Nd2 Ra6 62. Rc3 f5 63. Nf1 Rb6 64. a4 Rb2+ 65. Nd2 h4 66. a5 Kg5 67. a6 Nf6 68. Bg2 Ra2 69. Bb7 Ne4 70. Bxe4 fxe4 71. Rc5 Kf4 72. Rc7 e3 73. Rxg7 Rxd2+ 74. Kf1 e2+ 0-1

[Event "VI Floripa Open 2020"]
[Site "Florianopolis"]
[Date "2020.01.20"]
[Round "1.72"]
[White "De Freitas, Julio Eimard"]
[Black "Souza, Rafael Cabral De"]
[Result "1/2-1/2"]
[ECO "A46"]
[WhiteElo "1834"]
[BlackElo "2104"]
[Annotator "ChessBase"]
[PlyCount "57"]
[EventDate "2020.01.20"]
[EventType "swiss"]
[EventRounds "10"]
[EventCountry "BRA"]
[SourceTitle "playchess.com"]
[Source "ChessBase"]
[SourceQuality "1"]
[TimeControl "5400+30"]

1. d4 c5 2. c3 Nf6 3. Nf3 cxd4 4. cxd4 g6 5. Nc3 Bg7 6. Bf4 O-O 7. e3 d6 8. Be2 Nc6 9. O-O Qa5 10. h3 e5 11. Bh2 Re8 12. d5 Ne7 13. e4 Bd7 14. Nd2 b5 15. a3 g5 16. Nb3 Qb6 17. Kh1 Ng6 18. f3 Nh5 19. Nc1 a5 20. Nd3 Ngf4 21. g4 b4 22. Nxf4 Nxf4 23. Nb1 Nxh3 24. Kg2 Nf4+ 25. Bxf4 exf4 26. Nd2 Bb5 27. axb4 axb4 28. Rxa8 Rxa8 29. b3 1/2-1/2